Map: Whispers of Gold

Players

nil - Winner!

  • Race: Zerg Zerg
  • League: Platinum
  • Spawn Location: 5:00

WeAreLegion

  • Race: Terran Terran
  • League: Silver
  • Spawn Location: 9:00

VOD

Have the link to the VOD?

Description

Time

  • Played on: Dec. 8, 2024, 10:41 p.m.
  • Length: 24:44
Show
View Real Time Build Order
Export as new Build Order

nil Zerg - Winner!

Build Orders: Hatch First 

Get SALT Encoding   

  12  0:03  Drone  
  13  0:14  Overlord  
  13  0:21  Drone  
  14  0:29  Drone, Extractor  
  14  0:34  Drone  
  16  0:38  Drone  
  17  0:55  Hatchery  
  16  0:58  Drone  
  17  1:06  Extractor  
  16  1:15  Spawning Pool  
  16  1:17  Drone  
  16  1:21  Drone  
  17  1:30  Drone  
  18  1:38  Drone  
  19  1:46  Drone  
  20  1:52  Overlord  
  20  2:01  Queen  
  22  2:11  Drone, Baneling Nest  
  22  2:17  Drone  
  22  2:18  Extractor  
  22  2:19  Drone x2  
  24  2:29  Queen  
  24  2:36  Drone  
  27  2:38  Drone  
  28  2:46  Lair  
  27  2:55  Drone x2  
  28  3:03  Spine Crawler  
  27  3:10  Drone x2  
  27  3:11  Drone  
  30  3:23  Drone x3  
  30  3:25  Drone  
  34  3:28  Drone  
  34  3:29  Drone  
  36  3:35  Overlord  
  36  3:40  Pneumatized Carapace  
  36  3:49  Spire  
  36  3:53  Drone x2  
  37  4:02  Extractor  
  36  4:06  Drone x5  
  41  4:18  Hatchery  
  41  4:21  Metabolic Boost  
  40  4:24  Centrifugal Hooks  
  40  4:32  Drone x3  
  43  4:38  Overlord  
  43  4:45  Overlord  
  43  4:58  Drone  
  43  4:59  Infestation Pit  
  43  5:01  Drone x5  
  43  5:06  Extractor  
  47  5:11  Overlord  
  47  5:16  Zerg Flyer Weapons Level 1, Mutalisk x2  
  47  5:19  Drone x2  
  53  5:30  Spine Crawler  
  53  5:34  Mutalisk  
  50  6:01  Zergling x2  
  50  6:02  Zergling x16  
  59  6:06  Drone x3  
  57  6:15  Hive  
  57  6:16  Drone x2  
  59  6:25  Drone x2  
  61  6:32  Drone x2  
  63  6:35  Queen  
  65  6:47  Drone  
  65  6:49  Hatchery  
  67  7:08  Drone x2  
  67  7:17  Zerg Flyer Armor Level 1  
  67  7:21  Overseer  
  61  7:25  Spore Crawler  
  61  7:27  Spore Crawler  
  61  7:28  Spine Crawler  
  58  7:34  Overseer  
  58  7:37  Mutalisk x5  
  58  7:41  Overlord  
  68  7:49  Overlord x2  
  68  7:57  Overlord x3  
  68  8:12  Drone x7  
  75  8:13  Drone x5, Queen  
  82  8:26  Drone x5  
  87  8:28  Extractor  
  87  8:31  Extractor  
  85  8:40  Overlord x2  
  85  8:47  Zergling x18  
  94  8:49  Ultralisk Cavern  
  94  8:55  Evolution Chamber  
  92  8:57  Overlord x2  
  92  8:59  Evolution Chamber  
  92  9:02  Baneling x6  
  91  9:20  Zerg Flyer Armor Level 2  
  91  9:23  Hatchery, Zerg Ground Armor Level 1  
  90  9:24  Overseer  
  90  9:27  Drone x2  
  90  9:28  Drone  
  93  9:36  Drone x2  
  95  9:42  Extractor  
  95  9:43  Drone x2  
  96  9:46  Baneling x8  
  96  9:50  Zerg Melee Weapons Level 1  
  96  9:52  Ultralisk x3  
  114  9:55  Overlord  
  114  9:56  Overseer  
  114  9:58  Drone  
  115  10:03  Chitinous Plating  
  115  10:09  Drone x2  
  115  10:10  Drone  
  118  10:27  Drone x3  
  87  10:44  Mutalisk x11  
  105  10:58  Mutalisk x2  
  105  10:59  Overlord  
  105  11:00  Overlord  
  105  11:03  Drone x7  
  105  11:04  Drone  
  117  11:06  Drone x2  
  119  11:12  Drone  
  119  11:14  Adrenal Glands  
  120  11:29  Drone x3  
  123  11:37  Drone x2  
  123  11:38  Viper  
  123  11:39  Queen, Overseer  
  128  11:41  Hatchery, Queen  
  128  11:44  Drone x2, Extractor  
  132  11:50  Greater Spire  
  132  12:11  Drone x2  
  132  12:12  Drone, Extractor  
  134  12:18  Spine Crawler, Extractor  
  134  12:20  Drone  
  134  12:21  Drone x3  
  136  12:32  Hatchery  
  136  12:35  Hatchery  
  134  12:45  Ultralisk  
  134  12:48  Overlord x3  
  134  12:49  Overlord x2  
  140  12:54  Drone x3  
  143  12:59  Drone  
  143  13:04  Drone x2  
  146  13:07  Overseer  
  146  13:10  Drone  
  147  13:13  Drone x9  
  147  13:19  Anabolic Synthesis  
  156  13:23  Overseer  
  156  13:37  Drone x3  
  156  13:38  Queen  
  161  13:47  Queen  
  163  13:52  Drone  
  163  13:53  Hatchery  
  163  13:55  Overlord  
  163  14:00  Corruptor x5  
  163  14:02  Overlord x2  
  173  14:13  Zergling x16  
  173  14:14  Zergling x38  
  200  14:17  Overseer x3  
  200  14:21  Overlord  
  200  14:22  Overlord  
  146  15:03  Zergling x40  
  146  15:04  Zergling x16  
  172  15:08  Brood Lord x3  
  172  15:11  Corruptor x2  
  182  15:14  Queen  
  184  15:39  Zerg Melee Weapons Level 2, Zerg Ground Armor Level 2  
  184  15:52  Hatchery  
  184  15:53  Hatchery  
  182  15:57  Extractor  
  182  15:58  Hatchery  
  182  16:02  Extractor  
  174  16:42  Baneling  
  174  16:43  Baneling x14  
  174  16:47  Overlord x2  
  174  16:49  Zergling x2  
  174  16:50  Zergling x48  
  157  17:25  Corruptor x12  
  157  17:26  Corruptor x14  
  194  17:35  Overlord x2  
  194  17:36  Overlord x3  
  187  17:57  Brood Lord x5  
  197  18:06  Queen  
  197  18:08  Drone  
  183  18:46  Zergling x2  
  183  18:47  Zergling x30  
  199  18:53  Baneling x3  
  199  18:58  Overlord  
  199  18:59  Overlord  
  199  19:25  Baneling  
  199  19:26  Baneling x18  
  199  19:30  Overseer x4  
  199  19:31  Overseer  
  199  19:44  Baneling x3  
  188  21:01  Mutalisk x5  
  198  21:22  Overseer  
  194  22:07  Zergling x30  
  194  22:08  Zergling x26  
  200  22:44  Baneling x9  
  192  23:17  Corruptor  
  192  23:18  Corruptor x6  
  196  23:32  Zergling x12  
  196  23:33  Zergling x12  
  197  23:45  Zergling x14  
  177  24:14  Hatchery  
Show
View Real Time Build Order
Export as new Build Order

WeAreLegion Terran 

Build Orders: Reaper Expand 

Get SALT Encoding   

  12  0:00  SCV  
  13  0:13  SCV  
  14  0:17  Supply Depot  
  14  0:30  SCV  
  15  0:43  SCV, Barracks  
  15  0:46  Refinery  
  16  0:55  SCV  
  17  1:07  SCV  
  18  1:19  SCV  
  19  1:31  Orbital Command  
  19  1:33  Reaper  
  20  1:53  Supply Depot  
  20  1:57  Command Center  
  20  2:01  SCV  
  21  2:12  Factory  
  21  2:20  SCV  
  22  2:23  Marine  
  23  2:33  SCV  
  23  2:35  Supply Depot  
  24  2:38  Refinery  
  25  2:45  SCV  
  25  2:49  Barracks Reactor  
  25  2:57  SCV  
  26  3:09  SCV  
  27  3:21  SCV  
  27  3:26  Orbital Command  
  28  3:33  SCV  
  29  3:37  Hellion x2  
  33  3:45  SCV  
  34  3:56  Engineering Bay  
  34  3:57  SCV  
  34  3:59  Hellion x2  
  34  4:01  Starport  
  39  4:06  Barracks  
  39  4:09  SCV x2, Barracks  
  41  4:21  SCV  
  41  4:22  SCV  
  43  4:26  Bunker  
  43  4:28  Marine  
  44  4:34  SCV x2  
  44  4:36  Hellion  
  44  4:37  Hellion  
  50  4:46  SCV  
  50  4:49  Medivac  
  53  4:55  Terran Infantry Weapons Level 1  
  53  5:00  Barracks  
  53  5:07  Marine, Refinery  
  53  5:09  Barracks Tech Lab  
  53  5:10  Barracks Reactor  
  54  5:26  SCV x2, Marine  
  54  5:27  Supply Depot  
  54  5:28  Supply Depot  
  57  5:29  Supply Depot  
  57  5:30  Supply Depot, Widow Mine x2  
  61  5:36  Marine  
  62  5:48  SCV x2, Marine  
  65  5:54  Marine  
  66  6:00  SCV x2  
  68  6:06  Marine  
  66  6:13  SCV  
  67  6:24  SCV  
  68  6:31  Command Center  
  68  6:34  Command Center  
  68  6:53  Stimpack  
  68  6:54  Missile Turret  
  68  6:55  Barracks Tech Lab  
  68  6:56  Missile Turret, Barracks Reactor  
  68  6:57  SCV x2, Missile Turret x2  
  68  6:58  Marine  
  68  6:59  Marine x2  
  73  7:01  Widow Mine  
  75  7:09  SCV  
  75  7:10  Widow Mine  
  75  7:15  Medivac  
  80  7:16  Marine x2  
  80  7:17  Marine  
  83  7:26  Missile Turret  
  83  7:28  Marine  
  84  7:34  Marine x2  
  84  7:35  Marauder  
  88  7:42  Terran Infantry Armor Level 1  
  88  7:43  Combat Shield  
  88  7:45  Viking  
  88  7:46  Marine  
  91  7:52  Marine x2  
  91  7:56  Marine  
  94  7:59  SCV x2  
  94  8:04  Marine  
  93  8:10  Marine x2  
  93  8:11  SCV x2  
  96  8:14  Marauder  
  96  8:16  Planetary Fortress  
  96  8:18  Planetary Fortress  
  97  8:22  Marauder  
  97  8:23  SCV x2  
  101  8:28  Marine x2  
  105  8:35  SCV, Starport Reactor  
  105  8:36  Marauder  
  105  8:39  Starport  
  106  8:43  SCV, Marauder  
  106  8:45  Marine x2  
  106  8:47  SCV  
  112  8:55  SCV  
  113  8:56  Marine  
  113  8:59  SCV  
  113  9:00  Refinery  
  115  9:03  SCV  
  115  9:04  SCV  
  115  9:05  Marauder  
  115  9:06  Marine x4  
  115  9:07  SCV  
  124  9:14  Factory  
  124  9:18  Armory  
  124  9:21  SCV x2, Marauder  
  124  9:22  Supply Depot  
  124  9:24  Supply Depot  
  128  9:26  Marine x4, Marauder  
  128  9:27  Supply Depot  
  128  9:29  Widow Mine  
  136  9:33  Starport Reactor  
  136  9:43  Marauder  
  136  9:44  Marine x3  
  141  9:47  Refinery  
  141  9:48  Marauder  
  141  9:50  SCV  
  141  9:51  Refinery  
  144  9:53  SCV x3  
  147  10:02  SCV  
  147  10:04  Marauder  
  147  10:05  SCV x3  
  153  10:09  Marauder  
  153  10:10  Marine x2  
  153  10:11  Marine x2  
  153  10:13  Viking x2  
  153  10:14  SCV  
  164  10:29  Viking  
  164  10:33  SCV x2, Marine x3  
  164  10:34  Marauder x2  
  116  10:50  Viking x2  
  116  10:52  Viking  
  116  10:55  Marauder x2  
  126  10:59  Ghost Academy, Viking  
  126  11:00  Marine x2  
  126  11:01  Marine x2  
  126  11:03  Widow Mine x2  
  134  11:13  SCV x2  
  134  11:14  SCV x2  
  134  11:16  Marauder x2  
  134  11:18  Marine x3  
  143  11:19  Marine  
  143  11:20  Viking x2  
  143  11:22  Viking  
  143  11:25  SCV x2, Widow Mine  
  156  11:28  Starport  
  156  11:29  Barracks, Viking  
  156  11:30  Factory Tech Lab  
  158  11:36  Marine x4  
  158  11:38  Marauder, Terran Ship Weapons Level 1  
  158  11:39  Terran Infantry Weapons Level 2  
  164  11:46  Engineering Bay  
  164  11:50  Supply Depot  
  164  11:51  Supply Depot  
  164  11:52  Supply Depot  
  164  11:55  Marine x2, Viking x3  
  164  11:59  Marauder  
  174  12:13  Marauder  
  174  12:14  Siege Tank  
  174  12:15  Supply Depot  
  179  12:19  Marine x4  
  179  12:20  Marine  
  184  12:25  Viking  
  190  12:46  Siege Tank  
  190  12:47  Ghost  
  194  12:52  Ghost  
  195  13:16  Ghost  
  198  13:21  Supply Depot  
  198  13:28  Concussive Shells  
  108  15:04  Marine x2  
  108  15:05  Marine x4  
  108  15:07  Siege Tank, Viking  
  106  15:08  Viking x3  
  114  15:22  Marine x3  
  114  15:23  Marauder x2  
  114  15:25  Terran Infantry Weapons Level 3  
  114  15:26  Terran Infantry Armor Level 2  
  114  15:27  Terran Ship Weapons Level 2  
  121  15:37  Marine  
  121  15:39  Siege Tank  
  121  15:40  Marine x3, Viking x4  
  136  15:45  Marauder x2, Widow Mine x2  
  144  16:06  Marauder x2  
  144  16:10  Medivac x3, Viking  
  144  16:11  Siege Tank  
  159  16:12  Command Center  
  159  16:22  Command Center  
  159  16:27  Marauder x2  
  159  16:30  Refinery  
  163  16:33  Refinery  
  157  16:43  Siege Tank  
  160  16:49  Marauder x2  
  160  16:52  Missile Turret  
  164  16:54  Missile Turret  
  164  16:56  Missile Turret x2  
  164  16:59  Marine x3  
  164  17:00  Marine  
  162  17:09  Ghost x2  
  111  17:39  Marauder x2  
  115  18:00  Marauder x2  
  75  18:43  SCV  
  75  18:44  SCV x2  
  78  18:52  Marine x6  
  78  18:54  Viking x4  
  94  18:55  SCV, Widow Mine  
  94  18:56  SCV x2, Widow Mine x2  
  101  19:08  SCV x3, Factory  
  104  19:10  Marine x3, Factory, Terran Ship Weapons Level 3  
  104  19:11  Marauder x2  
  104  19:12  Terran Infantry Armor Level 3  
  104  19:13  Personal Cloaking  
  112  19:17  Thor, Widow Mine x2  
  112  19:20  SCV x3  
  123  19:24  Viking  
  125  19:31  Missile Turret x3  
  125  19:32  SCV, Missile Turret, Marauder x2  
  125  19:33  Missile Turret  
  130  19:47  SCV  
  130  19:48  SCV  
  130  19:50  Planetary Fortress  
  132  19:56  Refinery  
  132  19:57  Refinery  
  132  19:59  Thor  
  133  20:00  SCV x2  
  129  20:12  SCV  
  114  20:27  SCV  
  114  20:28  SCV x2  
  117  20:40  SCV x2  
  113  21:03  Medivac x3  
  116  21:04  Thor  
  116  21:06  Widow Mine  
  116  21:07  Widow Mine  
  126  21:19  Starport Reactor  
  126  21:20  Barracks Tech Lab  
  126  21:45  Marine x6  
  132  21:47  Thor  
  132  21:49  Command Center  
  132  21:52  Factory Tech Lab  
  132  21:53  Factory Tech Lab  
  127  22:03  Marine  
  127  22:04  Marauder x2  
  106  22:19  Command Center  
  100  22:25  Marauder x2  
  103  22:30  Thor  
  103  22:36  Marine x4  
  112  22:45  Siege Tank  
  112  22:46  Marauder  
  112  22:47  Marauder  
  112  22:48  Viking  
  121  22:53  Marine x2  
  121  22:54  Marine x2  
  125  23:08  Marauder x2  
  125  23:11  Marine x2  
  121  23:13  Siege Tank  
  121  23:29  Marauder  
  114  23:51  Marauder  
  87  24:05  Marine x3  
  87  24:08  Siege Tank x2  
  72  24:11  Marine  
  72  24:23  Marine x3, Missile Turret  
  67  24:25  Missile Turret  
Tags
 
Add a new tag
Caveats
  • Supply blocks, unpowered buildings, or Contaminate may cause inaccurate times.
  • Supply counts are checked every 10 seconds.